 Dungeon Crawl Stone Soup version 0.23.2-1-ga50397a6bc (webtiles) character file.

Game seed: 11783430170471871828

42 Morrissey the Charmwright (level 3, 0/28 HPs)
             Began as a Merfolk Skald on May 2, 2019.
             Slain by a worker ant (5 damage)
             ... on level 3 of the Dungeon.
             The game lasted 00:02:53 (1830 turns).

Morrissey the Charmwright (Merfolk Skald)           Turns: 1830, Time: 00:02:54

Health: 0/28       AC:  4    Str: 11    XL:     3   Next: 54%
Magic:  3/6        EV: 13    Int: 12    God:
Gold:   75         SH:  0    Dex: 14    Spells: 5/6 levels left

rFire    . . .     SeeInvis .   a - +0 spear
rCold    . . .     Gourm    .   (no shield)
rNeg     . . .     Faith    .   b - +0 leather armour
rPois    .         Spirit   .   p - +0 helmet
rElec    .         Reflect  .   (no cloak)
rCorr    .         Harm     .   (no gloves)
MR       .....                  (no boots)
Stlth    +.........             (no amulet)
HPRegen  0.09/turn              (no ring)
MPRegen  0.10/turn              (no ring)

@: infused (expiring)
A: change form in water, swift swim, stealthy swim
a: no special abilities


You were on level 3 of the Dungeon.
You were not hungry.

You visited 1 branch of the dungeon, and saw 3 of its levels.

You collected 75 gold pieces.

Inventory:

Hand Weapons
 a - a +0 spear (weapon)
Armour
 b - a +0 leather armour (worn)
 p - a +0 helmet (worn)
Scrolls
 f - 2 scrolls of teleportation {unknown}
 g - 3 scrolls of identify {unknown}
 h - a scroll of magic mapping {unknown}
 i - a scroll of fog {unknown}
 k - a scroll of immolation {unknown}
 m - a scroll of enchant weapon {unknown}
 n - a scroll of remove curse {unknown}
Potions
 c - a potion of ambrosia {unknown}
 e - 2 potions of haste {unknown}
 j - a potion of magic {unknown}
 l - a potion of curing {unknown}
 o - a potion of degeneration {unknown}
Comestibles
 d - 3 rations


   Skills:
 + Level 2.7 Fighting
 + Level 3.7 Polearms
 - Level 0.6 Armour
 + Level 3.3 Dodging
 - Level 2.2 Spellcasting
 + Level 3.7 Charms


You had 5 spell levels left.
You knew the following spells:

 Your Spells              Type           Power        Failure   Level  Hunger
a - Infusion              Chrm           ##..         8%          1    ##.....

Your spell library contained the following spells:

 Spells                   Type           Power        Failure   Level  Hunger
 Song of Slaying          Chrm           ##......     12%         2    ###....
 Shroud of Golubria       Chrm/Tloc      #.........   26%         2    ###....
 Regeneration             Chrm/Necr      #.........   45%         3    ####...
 Spectral Weapon          Hex/Chrm       #.......     45%         3    ####...


Dungeon Overview and Level Annotations

Branches:
Dungeon (3/15)

Altars:


Message History

You hit the worker ant but do no damage.
The worker ant is heavily wounded.
The worker ant bites you.
* * * LOW HITPOINT WARNING * * *
The worker ant bites you.
* * * LOW HITPOINT WARNING * * *
You are too injured to fight recklessly!
You completely miss the worker ant.
The worker ant is heavily wounded.
The worker ant bites you.
* * * LOW HITPOINT WARNING * * *
* * * LOW MAGIC WARNING * * *
You hit the worker ant.
The worker ant is severely wounded.
Your magical infusion is running out.
The worker ant closely misses you.
You completely miss the worker ant.
The worker ant is severely wounded.
The worker ant bites you.
You die...

#.##..## # #..##..####
#####.###.##>.
#..##.###.#..#
#########..##.##......
.......#...##.#....###
##...#........####
##...............).
#.@................
#.a#........).#.####
#.##........(...#
#..#..####.#(##.## ...
#.#. ...#(##.# ..###..
.#####..#.# ..# #.. ##
##..(# .### #.. #..##
.... .. ######..#


You could see a worker ant.

Vanquished Creatures
  2 adders
  A giant cockroach (D:2)
  5 goblins
  A hobgoblin (D:1)
  4 bats
  4 frilled lizards
  4 kobolds
  6 rats
27 creatures vanquished.

Notes
Turn   | Place    | Note
-------+----------+-------------------------------------------
     0 | D:1      | Morrissey the Merfolk Skald began the quest for the Orb.
     0 | D:1      | Reached XP level 1. HP: 16/16 MP: 3/3
   176 | D:1      | Reached XP level 2. HP: 21/23 MP: 0/5
  1068 | D:2      | Reached XP level 3. HP: 21/28 MP: 1/6
  1830 | D:3      | Slain by a worker ant

Skill      XL: |  1  2 |
---------------+-------+-----
Dodging        | 3 |  3.3
Fighting       | |  2.7
Polearms       | |  3.7
Armour         | |  0.6
Spellcasting   | |  2.2
Charms         | |  3.7

Action                   || total
-------------------------++-------
Melee: Spear             ||    84
 Cast: Infusion          ||    16
  Eat: Chunk             ||     3
Armor: Leather armour    ||    17
Dodge: Dodged            ||    48
